 Dungeon Crawl Stone Soup version 0.31-a0-83-gbff143cfd1 (webtiles) character file.

Game seed: 16231761623679089403

234 greasedhog the Poker (level 6, 0/50 HPs)
             Began as a Merfolk Fighter on May 24, 2023.
             Slain by a gnoll
             ... wielding a +0 spear
              (3 damage)
             ... on level 4 of the Dungeon.
             The game lasted 00:03:03 (2528 turns).

greasedhog the Poker (Merfolk Fighter)              Turns: 2528, Time: 00:03:03

Health: 0/50       AC:  7    Str: 18    XL:     6   Next: 5%
Magic:  6/6        EV: 10    Int:  7    God:
Gold:   143        SH:  5    Dex: 14    Spells: 5/5 levels left

rFire   . . .        a - +1 trident
rCold   . . .        c - +0 buckler
rNeg    . . .        g - +0 ring mail
rPois   .            v - +0 helmet
rElec   .            x - +0 cloak
rCorr   .            (no gloves)
SInv    .            (no boots)
Will    .....        (no amulet) Stlth
                     (no ring)
HPRegen 0.28/turn    (no ring)
MPRegen 0.10/turn

%: no passive effects
@: mighty, about to teleport, silenced, attractive
A: (nimble swimmer 2), mertail
a: no special abilities


You were on level 4 of the Dungeon.
You visited 1 branch of the dungeon, and saw 4 of its levels.

You collected 143 gold pieces.

Inventory:

Hand Weapons
 a - a +1 trident (weapon)
Missiles
 e - 3 curare-tipped darts (quivered)
Armour
 c - a +0 buckler (worn)
 g - a +0 ring mail (worn)
 v - a +0 helmet (worn)
 x - a +0 cloak (worn)
Jewellery
 u - a +6 ring of strength
Scrolls
 b - a scroll of enchant armour
 f - a scroll of amnesia
 l - a scroll of immolation
 n - a scroll of blinking {unknown}
 o - a scroll of noise {unknown}
 p - a scroll of magic mapping
 s - a scroll of butterflies {unknown}
 t - a scroll of enchant weapon
Potions
 h - a potion of attraction
 i - 2 potions of magic {unknown}
 j - 2 potions of invisibility {unknown}
 m - a potion of mutation {unknown}
 r - a potion of lignification {unknown}
 w - a potion of heal wounds {unknown}


   Skills:
 + Level 4.9 Fighting
 * Level 6.7 Polearms
 - Level 2.1 Armour
 - Level 3.0 Shields


You had 5 spell levels left.
You didn't know any spells.
Your spell library contained the following spells:

 Spells                   Type           Power      Damage    Failure   Level
 Apportation              Tloc           0%         N/A       71%         1
 Necrotise                Necr           0%         1d4       71%         1
 Summon Small Mammal      Summ           0%         N/A       71%         1
 Ignite Poison            Fire/Tmut/Pois 0%         N/A       97%         3
 Tukima's Dance           Hex            0%         N/A       97%         3
 Passage of Golubria      Tloc           0%         N/A       100%        4
 Sticky Flame             Conj/Fire      0%         2d3       100%        4
 Yara's Violent Unravell  Hex/Tmut       0%         3d3       100%        5
 Ignition                 Fire           0%         3d3       100%        8


Dungeon Overview and Level Annotations

Branches:
Dungeon (4/15)
 Temple: D:4-7

Altars:
Nemelex Xobeh
The Shining One

Shops:
D:4 =


Innate Abilities, Weirdness & Mutations

((You are very nimble when in or above water. (Stealth+, EV+, Speed+++)))
Your lower body shifts to a powerful aquatic tail in water.


Message History

The adder poisons you!
You feel better.
The scorpion stings you but does no damage.
The adder bites you but does no damage. The scorpion stings you.
* * * LOW HITPOINT WARNING * * *
It was a potion of attraction.
You feel attractive to monsters. The adder barely misses you.
The gnoll hits you from afar with a +0 spear.
* * * LOW HITPOINT WARNING * * *
The scorpion stings you.
* * * LOW HITPOINT WARNING * * *
The adder bites you.
* * * LOW HITPOINT WARNING * * *
As you read the scroll labelled JUNWEO IXES, it crumbles to dust.
The creatures around you are filled with an inner flame!
It was a scroll of immolation.
The gnoll hits you from afar with a +0 spear.
* * * LOW HITPOINT WARNING * * *
The gnoll barely misses you. The adder bites you but does no damage.
The scorpion stings you but does no damage.
You feel better. The gnoll barely misses you. You block the adder's attack.
The scorpion closely misses you.
As you read the scroll labelled NEDUKHL WAOXKO, it crumbles to dust.
You feel aware of your surroundings.
You sensed 1 altar.
It was a scroll of magic mapping.
You block the adder's attack. The scorpion stings you.
* * * LOW HITPOINT WARNING * * *
The gnoll misses you. The adder bites you.
* * * LOW HITPOINT WARNING * * *
As you read the scroll labelled TIGIUXK OSTRIHENUE, it crumbles to dust.
You feel strangely unstable.
It was a scroll of teleportation.
The scorpion barely misses you. You block the gnoll's attack.
The gnoll hits you but does no damage. The adder bites you.
* * * LOW HITPOINT WARNING * * *
The scorpion closely misses you.
As you read the scroll labelled TOOXAOQABE, it crumbles to dust.
A profound silence engulfs you.
It was a scroll of silence.
The gnoll hits you from afar with a +0 spear.
You die...

**,, *,,, *,,, **,, ****** ###
*** .....* ########.#######
.....* ######g.##.....##.#.#
.....* #..#.ggs............####
.....####....gKS@..............##
.....#.......###........###......
.....#.....### ###8...8## ###....
...........# ###.### ##...
....†....### #...# ##..
.......### #._.# #.# ......##
#...# ### ....### #####
#.∩#*************################


You could see a scorpion (inner flame), 4 gnolls, an adder (inner flame) and a
kobold (inner flame).

Vanquished Creatures
  Natasha (thrice) (D:4)
  Robin (D:3)
  6 adders
  A worm (D:2)
  A dart slug (D:2)
  An orc (D:3)
  8 ball pythons
  11 endoplasms
  4 giant cockroaches
  14 goblins
  11 hobgoblins
  3 quokkas
  2 bats
  3 frilled lizards
  5 kobolds
  11 rats
85 creatures vanquished.

Notes
Turn   | Place    | Note
-------+----------+-------------------------------------------
     0 | D:1      | greasedhog the Merfolk Fighter began the quest for the Orb.
     0 | D:1      | Reached XP level 1. HP: 18/18 MP: 1/1
   107 | D:1      | Reached skill level 3 in Polearms
   178 | D:1      | Reached XP level 2. HP: 24/24 MP: 2/2
   343 | D:1      | Reached skill level 4 in Polearms
   377 | D:1      | Reached XP level 3. HP: 30/30 MP: 3/3
   594 | D:1      | Found a faded altar of an unknown god.
   964 | D:2      | Reached XP level 4. HP: 29/37 MP: 4/4
  1074 | D:2      | Reached skill level 5 in Polearms
  1523 | D:3      | Noticed Robin
  1571 | D:3      | Killed Robin
  1572 | D:3      | Reached XP level 5. HP: 40/43 MP: 5/5
  1653 | D:3      | Found a sparkling altar of Nemelex Xobeh.
  2378 | D:4      | Noticed Natasha
  2389 | D:4      | Killed Natasha
  2390 | D:4      | Reached skill level 6 in Polearms
  2404 | D:4      | Noticed Natasha
  2406 | D:4      | Killed Natasha
  2436 | D:4      | Noticed Natasha
  2442 | D:4      | Killed Natasha
  2443 | D:4      | Reached XP level 6. HP: 50/50 MP: 6/6
  2473 | D:4      | Found a glowing golden altar of the Shining One.
  2491 | D:4      | Found Hantu's Jewellery Shoppe.
  2527 | D:4      | HP: 2/50 [adder (2)]
  2528 | D:4      | Slain by a gnoll

Illustrated notes

Levels and vault maps discovered:
D:1:      wander_arrival_desolate, layout_basic, ebering_ecumenical_altar_hall
D:2:      layout_loops_ring
D:3:      layout_loops_corners, overflow_temple_1_default, uniq_robin
D:4:      layout_gridville, led_sif_book, nicolae_tso_carved_into_rock,
          serial_shops, shop, minmay_misc_feat_doors, eino_curves_02,
          uniq_natasha

Skill      XL: |  1  2  3  4  5 |
---------------+----------------+-----
Polearms       | 3 4 5 6 |  6.7
Fighting       | 4 |  4.9
Armour         | |  2.1
Shields        | |  3.0

Action                     |  1- 3 |  4- 6 || total
---------------------------+-------+-------++-------
  Melee: Trident           |   118 |   136 ||   254
    Use: Scroll            |       |     8 ||     8
         Potion            |       |     5 ||     5
 Armour: Ring mail         |    30 |    48 ||    78
  Dodge: Dodged            |    43 |    79 ||   122
  Block: Buckler           |    20 |    24 ||    44

Table legend: (Time is in decaauts)
 A = Elapsed time spent in this place.
 B = Non-inter-level travel time spent in this place.
 C = Inter-level travel time spent in this place.
 D = Time resting spent in this place.
 E = Time spent auto-exploring this place.
 F = Levels seen in this place.
 G = Mean time per level.
                   A        B        C        D        E       F      G
               +--------+--------+--------+--------+--------+-----+--------+
         Total |   2553 |   2431 |    122 |      0 |   1881 |   4 |  638.2 |
       Dungeon |   2553 |   2431 |    122 |      0 |   1881 |   4 |  638.2 |
               +--------+--------+--------+--------+--------+-----+--------+

Top non-repeatable levels by time:
     D:3: 937 daAuts
     D:2: 823 daAuts
     D:1: 641 daAuts
     D:4: 150 daAuts
